[Event "*** Titled Tuesday Blitz"]
[Site "Chess.com"]
[Date "2020.10.20"]
[Round "6"]
[White "Chernobay_Artem"]
[Black "dretch"]
[Result "1/2-1/2"]
[WhiteElo "2594"]
[BlackElo "2808"]
[TimeControl "180+1"]
[EndTime "11:09:49 PDT"]
[Termination "Game drawn by repetition"]

1. d4 d5 2. c4 c6 3. Nf3 Nf6 4. Nc3 dxc4 5. a4 Bf5 6. e3 e6 7. Bxc4 Bb4 8. O-O O-O 9. Qe2 Nbd7 10. e4 Bg4 11. e5 Nd5 12. Bd2 Qa5 13. Rfc1 f6 14.
exf6 Rxf6 15. Ne4 Rg6 16. Bxb4 Qxb4 17. Ng3 Bxf3 18. Qxf3 Qxb2 19. Rab1 Qxd4 20. Rxb7 Ne5 21. Qe4 Qxe4 22. Nxe4 Rg4 23. Bxd5 exd5 24. Nc5 a5 25. h3 Rc4 26. Re1 Re8 27. Nd3 Re4 28. Rxe4 dxe4 29. Nc5 Nc4 30. Rc7 e3 31. fxe3 Rxe3 32.
Rxc6 Re1+ 33. Kf2 Ra1 34. Rc7 Ra2+ 35. Kf3 Ne5+ 36. Ke4 Ng6 37. g4 Re2+ 38. Kf3 Rh2 39. Kg3 Rc2 40. Ne6 Rxc7 41. Nxc7 Ne5 42. Nd5 Nd7 43.
Ne7+ Kf7 44. Nc6 Nb6 45. Nxa5 Nxa4 46. Nc6 Ke6 47. Nd4+ Kd5 48. Nf5 g6 49. Nh6 Ke5 50. Nf7+ Kf6 51. Nd6 Nc5 52. Nc4 Ne6 53. Ne3 Ke5 54.
Kf3 Ng5+ 55. Kg3 Ke4 56. Nc4 Kd4 57. Nd6 Ne6 58. Nf7 Ke4 59. h4 Kd4 60. Kf3 Kd3 61. Ne5+ Kd4 62. Nf7 Kd5 63. h5 g5 64. h6 Nd4+ 65.
Ke3 Ne6 66. Kd3 Nf4+ 67. Ke3 Ne6 68. Kd3 Nf4+ 69. Ke3 Ne6 1/2-1/2

[Event "*** Titled Tuesday Blitz"]
[Site "Chess.com"]
[Date "2020.10.20"]
[Round "6"]
[White "Skatchkov_V"]
[Black "natelleka"]
[Result "0-1"]
[WhiteElo "2497"]
[BlackElo "2197"]
[TimeControl "180+1"]
[EndTime "11:09:49 PDT"]
[Termination "natelleka won by checkmate"]

1. d4 d5 2. c4 c5 3. cxd5 Qxd5 4.
dxc5 Qxd1+ 5. Kxd1 e5 6. Nf3 Nc6 7. e3 Bxc5 8. Bb5 Bg4 9. Nc3 O-O-O+ 10. Ke2 f5 11. h3 Bh5 12. g4 fxg4 13. Bxc6 gxf3+ 14. Bxf3 Bxf3+ 15. Kxf3 Nf6 16. Ke2 Rhe8 17. Bd2 Rd7 18.
Rad1 Red8 19. Bc1 a6 20. Rhg1 Rxd1 21. Nxd1 Rd7 22. Rg5 Re7 23. b3 h6 24. Rg6 Ne4 25.
f3 Ng5 26. h4 Ne6 27. Bb2 Nf8 28. Rg4 Nd7 29. Nf2 Nf6 30. Nd3 Nxg4 31. fxg4 Bd6 32. e4 Kd7 33. Ne1 Ke6 34. Ng2 Rc7 35. Kd3 Rf7 36. Ke2 Rc7 37. Ne3 g6 38. Kd3 Rf7 39. Ke2 Bc5 40. Bc1 Bd4 41. Nd1 Rc7 42. Kd2 Rd7 43.
Ke2 Rc7 44. Kd2 b5 45. Ba3 a5 46. Bf8 h5 47. gxh5 gxh5 48. Bh6 Rf7 49. Ke2 Rh7 50. Bg5 Rf7 51. Bh6 Rc7 52. Kd3 a4 53. bxa4 bxa4 54. Bg5 Rb7 55. Kc2 Rf7 56. Kd3 Rf3+ 57. Kc2 Ra3 58. Kb1 Rh3 59. Kc2 Rh1 60. Bd8 Re1 61. Bg5 Rxe4 62. Nc3 Bxc3 63. Kxc3 Kd5 64. Kd3 Rb4 65.
Kc2 Rg4 66. Kd3 Rg3+ 67. Ke2 Ke4 68. Kf2 Ra3 69. Be7 Rxa2+ 70. Kg3 a3 71. Bd6 Ra1 72. Kh3 a2 73. Kh2 Kd4 74. Be7 Ke4 75. Bg5 Kf5 76.
Bd2 e4 77. Bc3 Rc1 78. Bh8 Rc2+ 79. Kg3 Rc1 80. Kf2 a1=Q 81. Bxa1 Rxa1 82. Ke3 Ke5 83. Kf2 Ra3 84. Ke2 Kd4 85. Kf2 e3+ 86. Kg3 Ra2 87. Kf3 Kd3 88. Kf4 e2 89. Kg5 e1=Q 90. Kh6 Qe3+ 91. Kg6 Qe6+ 92. Kg5 Ra5+ 93. Kf4 Qe4+ 94. Kg3 Rf5 95. Kh2 Rf2+ 96. Kh3 Qe3# 0-1

[Event "*** Titled Tuesday Blitz"]
[Site "Chess.com"]
[Date "2020.10.20"]
[Round "6"]
[White "Anton_Demchenko"]
[Black "Astaneh"]
[Result "0-1"]
[WhiteElo "2809"]
[BlackElo "2557"]
[TimeControl "180+1"]
[EndTime "11:09:50 PDT"]
[Termination "Astaneh won by checkmate"]

1. e4 e5 2. Nf3 Nc6 3. Bc4 Bc5 4. d3 Nf6 5. Bg5 h6 6. Bh4 d6 7. c3 Bb6 8. Nbd2 Ne7 9. Bxf6 gxf6 10. Nh4 h5 11.
Qf3 Rh6 12. h3 Be6 13. Bb3 Qd7 14. O-O-O O-O-O 15. Nc4 f5 16. g3 fxe4 17. dxe4 Qc6 18. Ne3 Rdh8 19. Kb1 Bxe3 20. Qxe3 Rf6 21. Rhe1 Qe8 22.
Qxa7 Bxb3 23. axb3 Nc6 24. Qe3 Qe6 25. b4 Kd7 26.
Nf5 Ra8 27. Kc2 Qc4 28. Kd2 Ra2 29. Rb1 Qb3 30. Rec1 d5 31. Qd3 Rxf5 32. exf5 e4 33. Qb5 Rxb2+ 34. Rxb2 Qxb2+ 35. Rc2 Qb3 36. g4 hxg4 37. hxg4 Kd6 38. Qc5+ Kd7 39. Qb5 Kd6 40. Rc1 Ne5 41. Ke1 Nd3+ 42. Kf1 Nxc1 43. Qc5+ Kd7 44. f6 b6 45. Qe7+ Kc8 46. Kg2 Qc4 47. Qxf7 Kb7 48. Qe8 Nd3 49. f7 Ne1+ 50. Kg3 Qd3+ 51. Kf4 Qf3+ 52.
Ke5 Nd3+ 53. Ke6 Nf4+ 54. Kf5 Nh3+ 55. Kg6 Qxg4+ 56. Kf6 Qg5+ 57. Ke6 Nf4+ 58. Kd7 Qf5+ 59. Ke7 Qe6+ 60. Kf8 Qf6 61. Kg8 Ng6 62. Qd7 Qh8# 0-1

[Event "*** Titled Tuesday Blitz"]
[Site "Chess.com"]
[Date "2020.10.20"]
[Round "6"]
[White "Lagmantr"]
[Black "TST2014"]
[Result "1-0"]
[WhiteElo "2724"]
[BlackElo "2511"]
[TimeControl "180+1"]
[EndTime "11:09:52 PDT"]
[Termination "Lagmantr won on time"]

1. c4 e5 2. Nc3 Nf6 3. e3 g6 4. d4 exd4 5. exd4 Bg7 6. Be3 O-O 7. Qd2 d5 8. O-O-O Bg4 9. Re1 Nc6 10. h3 Be6 11. c5 b6 12. Nf3 bxc5 13. dxc5 Ne4 14.
Nxe4 dxe4 15. Ng5 Bxa2 16. Qxd8 Rfxd8 17. Nxe4 Rab8 18. Re2 Nb4 19. Rd2 Nd5 20. Bd4 Bh6 21. Be2 Nb4 22. Nf6+ Kf8 23. Nxh7+ Ke8 24. Be3 Bxe3 25.
fxe3 Nd5 26. e4 Nf4 27. Rhd1 Rxd2 28. Rxd2 Ke7 29. Bf1 Rb4 30. Ng5 f6 31. Nf3 Rxe4 32. Rd4 f5 33. Rxe4+ fxe4 34. Nd4 Kf6 35. g3 Ne6 36.
Nxe6 Bxe6 37. Kd2 Ke5 38. Ke3 a5 39. h4 a4 40. Bb5 Bb3 41. Bc6 Bc2 42. g4 Bd1 43. g5 Bc2 44. Be8 Kf5 45. Bd7+ Ke5 46. Bc6 Bd1 47. Bxe4 Bh5 48. Bc6 Kf5 49. Bxa4 Kg4 50. b4 Kxh4 51. Kf4 Be2 52. b5 Bc4 53. b6 cxb6 54. cxb6 Bd5 55. Bc2 Kh5 56. Be4 Bxe4 57. Kxe4 Kxg5 58. b7 Kh4 59. b8=Q g5 60. Kf3 g4+ 61.
Kf4 Kh3 62. Qb2 1-0

[Event "*** Titled Tuesday Blitz"]
[Site "Chess.com"]
[Date "2020.10.20"]
[Round "6"]
[White "vladislavkovalev"]
[Black "VMikhalevski"]
[Result "0-1"]
[WhiteElo "2837"]
[BlackElo "2716"]
[TimeControl "180+1"]
[EndTime "11:09:54 PDT"]
[Termination "VMikhalevski won by resignation"]

1. e4 e5 2. Nf3 Nc6 3. Bb5 g6 4. d4 exd4 5. Bg5 Be7 6. Bxe7 Qxe7 7. Bxc6 dxc6 8. Qxd4 Nf6 9. Nc3 Bg4 10. Nd2 Nd7 11.
f3 Be6 12. O-O-O O-O-O 13. Qxa7 Qg5 14. Qf2 h5 15. h4 Qa5 16. Kb1 b6 17. Nb3 Qa6 18.
Qg3 Kb7 19. Rd2 Bxb3 20. cxb3 Nc5 21. Rhd1 Rxd2 22. Rxd2 Re8 23. Kc2 Qf1 24. Rd1 Qa6 25. Qf4 Rf8 26. Qh6 Qa8 27. Qe3 Qe8 28.
Qg5 Qe6 29. b4 Nd7 30. b5 Ne5 31. bxc6+ Nxc6 32. Qd5 Qxd5 33. Nxd5 Ra8 34. a3 Re8 35. Nf4 Kc8 36. Kc3 Ne5 37. a4 Kb7 38. Rd5 f6 39. b4 Ra8 40. Kb3 Kc6 41. Nd3 Nf7 42. Rd4 Re8 43. Rc4+ Kb7 44. Rd4 Nd6 45. Nf4 Rg8 46.
Nd5 Rf8 47. Rd3 g5 48. hxg5 fxg5 49. Rc3 c6 50. Ne7 g4 51. fxg4 Nxe4 52. Re3 Nd2+ 53. Kc3 Nf1 54. Re4 Ng3 55. Re3 h4 56. g5 Rf4 57. g6 Rg4 58. Rf3 Ne4+ 59. Kd4 Ng5+ 60.
Ke3 Nxf3 61. Kxf3 Rg3+ 62. Kf2 Kc7 63. Ke2 Kd7 64. a5 Kxe7 65. a6 Rxg2+ 66. Kf3 Rxg6 0-1

[Event "*** Titled Tuesday Blitz"]
[Site "Chess.com"]
[Date "2020.10.20"]
[Round "6"]
[White "Radzio1987"]
[Black "Sashadav97"]
[Result "0-1"]
[WhiteElo "2807"]
[BlackElo "2651"]
[TimeControl "180+1"]
[EndTime "11:09:56 PDT"]
[Termination "Sashadav97 won on time"]

1. c4 g6 2. g3 Bg7 3. Bg2 d6 4.
Nc3 Nf6 5. d4 O-O 6. Nf3 Nc6 7.
O-O Bd7 8. b3 e5 9. dxe5 dxe5 10. Ba3 Re8 11. Ng5 h6 12. Nge4 Nxe4 13. Nxe4 b6 14.
Nc3 Rb8 15. Qd2 Qc8 16. Rad1 Rd8 17. Nd5 Kh7 18. Ne7 Qa6 19. Bd6 Be8 20. Nxc6 Bxc6 21.
Bxc6 Rxd6 22. Bd5 c6 23. Qb4 Rbd8 24. Bxf7 Rxd1 25. Qe7 R1d7 26. Qe6 Rd6 27. Bxg6+ Kh8 28. Qg4 Qb7 29. e3 Qe7 30. h4 Rf8 31. Bb1 e4 32.
Bxe4 Qe6 33. Qxe6 Rxe6 34. Bg2 Rd6 35. c5 bxc5 36. Rc1 Rd2 37. f4 Re2 38. e4 Bd4+ 39. Kh2 Rg8 40. Rf1 Re3 41. Bf3 Rg7 42. Kh3 Kg8 43.
g4 Kf8 44. g5 hxg5 45. hxg5 Ke7 46. Kg4 Rc3 47. f5 Bf6 48. g6 Rc2 49. Kf4 Rd2 50. e5 Rd4+ 51. Be4 Bh4 52. Ke3 Bg5+ 53. Kf3 c4 54. Rg1 Bf6 55. exf6+ Kxf6 56. bxc4 Rxc4 57. Rd1 Rc3+ 58. Bd3 Rd7 59. Ke3 c5 60. Ke4 Rd4+ 61. Ke3 a5 0-1

[Event "*** Titled Tuesday Blitz"]
[Site "Chess.com"]
[Date "2020.10.20"]
[Round "6"]
[White "Borsuk_Konstantin"]
[Black "TheCastleHunter"]
[Result "1-0"]
[WhiteElo "2569"]
[BlackElo "2366"]
[TimeControl "180+1"]
[EndTime "11:09:57 PDT"]
[Termination "Borsuk_Konstantin won by resignation"]

1. d4 Nf6 2. c4 e6 3. Nf3 b6 4. g3 Bb7 5. Bg2 Be7 6. O-O O-O 7. Re1 d5 8. Ne5 Nbd7 9. Nc3 c5 10. cxd5 exd5 11. Bf4 Nxe5 12. dxe5 Ne4 13. Qc2 Nxc3 14. bxc3 Qc8 15. h4 Rd8 16. Kh2 d4 17. Bh3 Qc6 18. Rac1 h6 19. Rg1 Qe4 20. Qxe4 Bxe4 21.
g4 g5 22. Bd2 d3 23. e3 c4 24. Bg2 Bxg2 25. Kxg2 Bc5 26. hxg5 hxg5 27. Rh1 Kg7 28.
Rh5 Be7 29. Rch1 Rh8 30. f4 b5 31. f5 f6 32. e6 a5 33. Rxh8 Rxh8 34. Rxh8 Kxh8 35. Kf3 b4 36. Ke4 bxc3 37. Bxc3 Kg8 38. Bxa5 Bc5 39. Bd2 Kf8 40. Kd5 c3 41. Bxc3 Bxe3 42.
a4 d2 43. Bxd2 Bxd2 44. Kc6 Ke7 45. Kb5 Kd6 46. a5 Be3 47. Ka6 Bc5 48. Kb7 Ke5 49. a6 Kd6 50. a7 Bxa7 51. Kxa7 Ke7 52. Kb7 Kd6 53. Kc8 Ke7 54. Kc7 Ke8 55. Kc6 Ke7 56.
Kd5 Ke8 57. Kd6 Kd8 58. e7+ Ke8 59. Kc6 Kxe7 60. Kc7 Ke8 61. Kd6 Kf7 62. Kd7 Kf8 63.
Ke6 Kg7 64. Ke7 Kg8 65. Kxf6 Kf8 66. Kxg5 Kg8 67. f6 1-0

[Event "*** Titled Tuesday Blitz"]
[Site "Chess.com"]
[Date "2020.10.20"]
[Round "6"]
[White "chenxiaoyuer"]
[Black "dropstoneDP"]
[Result "0-1"]
[WhiteElo "2521"]
[BlackElo "2838"]
[TimeControl "180+1"]
[EndTime "11:10:01 PDT"]
[Termination "dropstoneDP won by resignation"]

1. e4 c5 2. Nf3 Nc6 3. d4 cxd4 4. Nxd4 Nf6 5. Nc3 h5 6. f3 e5 7. Ndb5 d6 8. Bg5 a6 9. Na3 b5 10. Nd5 Be7 11. Nxe7 Nxe7 12. c4 Qb6 13. cxb5 d5 14. exd5 Nexd5 15. Nc4 Qc5 16. Qa4 O-O 17. Qa3 Nb4 18.
Rc1 Bf5 19. Bd2 Nfd5 20. Ne3 Nxe3 21. Rxc5 Nbc2+ 22. Kf2 Nd1+ 23. Ke2 Nxa3 24. bxa3 Nb2 25. Bc3 Na4 26. Rc6 Bd7 27. Rc7 Bxb5+ 28. Kd2 Rac8 29.
Rxc8 Rxc8 30. Bb4 Rd8+ 31. Kc1 Nb6 32. Bxb5 axb5 33. Rd1 Rxd1+ 34. Kxd1 f6 35. Kc2 Kf7 36. Kc3 Nd5+ 37. Kb3 Ke6 38. a4 bxa4+ 39. Kxa4 f5 40. Kb5 e4 41. fxe4 fxe4 42. Be1 Nf4 43. a4 Kd7 44. a5 Kc8 45. a6 g5 46. g3 Nd3 47.
Bd2 g4 48. Kc4 Ne5+ 49. Kd4 Nf3+ 50. Ke3 Kb8 51. Bc3 Ka7 52. Kxe4 Kxa6 53. Kf4 Kb5 54.
Kf5 Kc4 55. Bf6 Kd3 56. Kg6 Ke4 57. Kxh5 Kf5 58. Bh4 Nxh2 59. Bd8 Nf1 60. Bh4 Ne3 61. Bd8 Ke4 62. Bh4 Kf3 63. Kg5 Nf1 64. Kf5 Nxg3+ 65.
Ke5 Ne2 66. Be1 Nf4 67. Bh4 Ng2 68. Bd8 g3 69. Bb6 Ne3 0-1

[Event "*** Titled Tuesday Blitz"]
[Site "Chess.com"]
[Date "2020.10.20"]
[Round "6"]
[White "Durarbayli"]
[Black "geordie_derraugh"]
[Result "1/2-1/2"]
[WhiteElo "2778"]
[BlackElo "2401"]
[TimeControl "180+1"]
[EndTime "11:10:02 PDT"]
[Termination "Game drawn - insufficient material"]

1. e4 c5 2. b3 e6 3. Nf3 d5 4. exd5 exd5 5. Bb5+ Bd7 6. Qe2+ Qe7 7. Nc3 Nf6 8. Ne5 Nc6 9. Nxd7 Kxd7 10. Ba3 Qxe2+ 11. Nxe2 Re8 12. O-O-O a6 13. Bxc6+ Kxc6 14. Rde1 Bd6 15.
f3 Re6 16. Kd1 Rhe8 17. d4 b6 18. Bc1 Nd7 19. Bg5 f6 20. Bh4 b5 21. Bg3 c4 22.
c3 Re3 23. Bxd6 Kxd6 24. Ng3 Rxe1+ 25. Rxe1 Rxe1+ 26. Kxe1 cxb3 27. axb3 g6 28. b4 f5 29. Ne2 Nf6 30. Nf4 g5 31. Nd3 Nd7 32. g3 h6 33.
Kd2 Nb6 34. Nc5 Nc4+ 35. Kd3 a5 36. bxa5 Nxa5 37. h4 Nc4 38. hxg5 hxg5 39. Nb7+ Ke6 40. Nc5+ Kd6 41. Nb7+ Ke6 42. Ke2 Na3 43. Nc5+ Kd6 44. Na6 Kc6 45. Nb4+ Kd6 46. Kd3 Nc4 47. Ke2 Na3 48. Na2 Nc4 49. Nc1 Nb6 50. Nd3 Na4 51.
Kd2 Nb6 52. Nc5 Nc4+ 53. Ke2 Nb2 54. g4 fxg4 55. fxg4 Na4 56. Nb7+ Kc6 57. Nd8+ Kd7 58. Nf7 Nxc3+ 59. Kd3 Ne4 60. Kc2 Ke6 61. Ne5 Nf6 62.
Kb3 Nxg4 63. Nxg4 Kf5 64. Nh6+ Ke4 65. Kc3 b4+ 66. Kxb4 Kxd4 67. Kb3 Ke4 68. Kc2 Kf3 69. Kd3 g4 70. Nxg4 Kxg4 71. Kd4 Kf5 72. Kxd5 1/2-1/2

[Event "*** Titled Tuesday Blitz"]
[Site "Chess.com"]
[Date "2020.10.20"]
[Round "6"]
[White "tdf98pantani"]
[Black "Gogolev_Artemy"]
[Result "0-1"]
[WhiteElo "2715"]
[BlackElo "2537"]
[TimeControl "180+1"]
[EndTime "11:10:07 PDT"]
[Termination "Gogolev_Artemy won by checkmate"]

1. e4 c6 2. d4 d5 3. e5 Bf5 4.
Nd2 e6 5. Nb3 c5 6. Nxc5 Bxc5 7.
dxc5 Qa5+ 8. c3 Qxc5 9. Nf3 Nc6 10. Be3 Qa5 11. Nd4 Nxd4 12. Qxd4 Ne7 13. Qc5 Qxc5 14. Bxc5 Nc6 15. f4 f6 16. exf6 gxf6 17. Be2 h5 18. g3 Kf7 19. Kf2 Rag8 20. Rhg1 h4 21. g4 Be4 22. h3 Kg6 23. Ke3 f5 24. b4 fxg4 25. b5 b6 26. Bd6 Rd8 27. Rxg4+ Kf6 28. Ba3 Ne7 29. Bxe7+ Kxe7 30. Rg7+ Kf6 31. Rxa7 Rhg8 32.
Bg4 Rc8 33. Kd2 Bf5 34. Rg1 Rc4 35. Rb7 Rxf4 36. Rxb6 Bxg4 37. hxg4 Rfxg4 38. Rxg4 Rxg4 39. Rb8 Rg2+ 40. Kd3 Rxa2 41. b6 Rb2 42. Kd4 Kg7 43. b7 h3 44. Re8 Rxb7 45. Rxe6 Rb2 46. Re3 h2 47. Rh3 Rd2+ 48. Ke3 Rg2 49. Kd4 Rd2+ 50. Ke3 Rg2 51. Kd4 Kf6 52. Kxd5 Rd2+ 53. Kc5 Kg5 54.
c4 Kg4 55. Rh8 Kg3 56. Kc6 Rd1 57. c5 h1=Q+ 58. Rxh1 Rxh1 59. Kb7 Kf4 60. c6 Rb1+ 61. Kc8 Ke5 62. c7 Kd6 63. Kd8 Rh1 64. c8=Q Rh8# 0-1

[Event "*** Titled Tuesday Blitz"]
[Site "Chess.com"]
[Date "2020.10.20"]
[Round "6"]
[White "kuban1991"]
[Black "Alexander_Zubov"]
[Result "0-1"]
[WhiteElo "2821"]
[BlackElo "2925"]
[TimeControl "180+1"]
[EndTime "11:10:08 PDT"]
[Termination "Alexander_Zubov won on time"]

1. Nf3 d5 2. g3 g6 3. Bg2 Bg7 4. d4 c6 5. O-O Nf6 6. Nbd2 O-O 7.
b3 Bf5 8. Bb2 a5 9. c4 Ne4 10.
e3 Nd7 11. Nh4 Nxd2 12. Qxd2 Be6 13. f4 Nf6 14. f5 Bc8 15. cxd5 cxd5 16. fxg6 hxg6 17.
Rac1 a4 18. Qb4 Bh6 19. Rc3 axb3 20. Qxb3 Qa5 21. a3 Ra6 22. Rc5 Qd8 23. Bc1 Rb6 24. Qa2 Be6 25. a4 Ne4 26. Bxe4 dxe4 27. d5 Bh3 28.
Re1 Qd7 29. Qc4 Qg4 30. a5 Rd6 31. Bb2 Rfd8 32. Qc3 Rf6 33. Rc7 Bg7 34. Qd2 Rfd6 35. Bxg7 Kxg7 36. Rc5 Kg8 37. Ng2 g5 38. Rf1 f6 39.
Qd4 Kf7 40. Qc4 R8d7 41. Rb5 Kg6 42. Rc5 Kf7 43. Rb5 Qh5 44. Qxe4 Qe2 45. Rc5 Bxg2 46.
Qxg2 Qxe3+ 47. Qf2 Qxf2+ 48. Rxf2 Rxd5 49. Rxd5 Rxd5 50. Rb2 Rxa5 51. Rxb7 Ra2 52. g4 Ke6 53. Rb5 Re2 54. h3 Re5 55. Rb7 Kd5 56. Kf2 Ke4 57. Rb4+ Kd3 58.
Kf3 Re3+ 59. Kg2 Re4 60. Rb3+ Kd4 61. Kf3 Rf4+ 62. Kg3 e5 63. Ra3 e4 64. h4 e3 65.
h5 e2 0-1

[Event "*** Titled Tuesday Blitz"]
[Site "Chess.com"]
[Date "2020.10.20"]
[Round "6"]
[White "Qvalda"]
[Black "esrosenberg"]
[Result "1/2-1/2"]
[WhiteElo "2413"]
[BlackElo "2294"]
[TimeControl "180+1"]
[EndTime "11:10:08 PDT"]
[Termination "Game drawn - insufficient material"]

1. d4 Nf6 2. c4 e6 3. Nc3 Bb4 4.
e3 O-O 5. Ne2 d5 6. cxd5 exd5 7.
g3 Re8 8. Bg2 c6 9. O-O Bg4 10.
f3 Bh5 11. a3 Bd6 12. e4 dxe4 13. fxe4 Bc7 14. Bg5 Nbd7 15. Qd2 h6 16. Bxf6 Nxf6 17. e5 Bxe5 18. Rad1 Bc7 19. Rde1 Bb6 20. Kh1 Ng4 21. Nf4 Bg6 22. Nxg6 fxg6 23. Rxe8+ Qxe8 24. Qf4 Nf6 25. h3 Qd7 26. d5 cxd5 27. Kh2 Rf8 28. Qd2 d4 29.
Ne2 d3 30. Nf4 Kh7 31. Qxd3 Qxd3 32. Nxd3 Bc7 33. Rc1 Bd6 34. Rd1 Be7 35. Nf4 g5 36. Ne6 Rc8 37. Rd2 b6 38. Re2 Bc5 39. Bb7 Rb8 40. Ba6 Rh8 41. Bd3+ g6 42. h4 gxh4 43. gxh4 h5 44. Rg2 Ng4+ 45. Kh3 Re8 46. Ng5+ Kg7 47. Rg3 Re3 48. Rxe3 Nxe3 49. Ne6+ Kf6 50. Nxc5 bxc5 51. Kg3 g5 52. hxg5+ Kxg5 53. Kf3 Nd5 54. Be4 Nf4 55.
Bc6 Ne6 56. Ke4 h4 57. Bd7 Nd4 58. Kd5 Nf3 59. Kxc5 Ne5 60. Be6 Ng4 61. Kb5 h3 62.
Bd5 h2 63. Ka6 Ne3 64. Bh1 Nc4 65. Kxa7 Nxb2 66. Kb6 Nc4+ 67. Kc5 Nxa3 68. Kd4 Kg4 69. Ke3 Kg3 70. Bd5 Nc2+ 71. Ke2 Nd4+ 72. Kf1 Kh3 73. Kf2 Nf5 74. Bg2+ Kh4 75. Bh1 Ng3 76. Kg2 Nxh1 77. Kxh2 1/2-1/2

[Event "*** Titled Tuesday Blitz"]
[Site "Chess.com"]
[Date "2020.10.20"]
[Round "6"]
[White "Sharpchess22"]
[Black "maximnovik"]
[Result "1-0"]
[WhiteElo "2762"]
[BlackElo "2514"]
[TimeControl "180+1"]
[EndTime "11:10:11 PDT"]
[Termination "Sharpchess22 won on time"]

1. d4 Nf6 2. Nc3 d5 3. Bf4 g6 4. Nb5 Na6 5. e3 Bg7 6. Nf3 O-O 7. h3 c5 8. c3 Qb6 9. a4 Bf5 10. a5 Qd8 11. Be2 Ne4 12. O-O Bd7 13. Ne5 Bxb5 14. Bxb5 Nc7 15. Bd3 a6 16. Qc2 cxd4 17. exd4 Nd6 18. Rfe1 Rc8 19. Qb3 e6 20. Qb4 Ncb5 21. Re2 Re8 22. Rae1 Bf8 23. Qa4 Qc7 24. Ng4 Qd8 25.
Be5 Bg7 26. Re3 Nc4 27. Bxc4 Rxc4 28. Qa1 f6 29. Bg3 Rc6 30. R3e2 Kf7 31. Ne3 Nd6 32.
Bxd6 Rxd6 33. Qa4 e5 34. dxe5 fxe5 35. Qb3 Kf8 36. Rd1 d4 37. Nc4 Rd7 38. cxd4 exd4 39.
Rxe8+ Qxe8 40. Nb6 Rd8 41. Qf3+ Qf7 42. Qa3+ Kg8 43.
Rd3 Rf8 44. Rf3 Qe6 45. g3 Qe1+ 46. Kg2 Qe4 47. Qd3 Qxf3+ 48. Qxf3 Rxf3 49. Kxf3 d3 50. b4 Bc3 51. Nd5 Bd2 52. Ke4 Be1 53. Kxd3 Bxf2 54.
g4 Kf7 55. Ke4 Ke6 56. Nf4+ Kd6 57. Nd3 Bh4 58. Ne5 Be7 59. Nd3 Kc6 60. Kd4 Kb5 61.
Kc3 Bf6+ 62. Kb3 Bd4 63. Nf4 Kc6 64. Kc4 Be3 65. Nd5 Bg5 66. Nc3 Kd6 67. Ne4+ Ke5 68.
Nxg5 h5 69. Nf7+ Kf4 70. gxh5 gxh5 71. Kd4 Kg3 72. Ke3 Kxh3 73. Kf3 Kh4 74. Nd6 1-0

[Event "*** Titled Tuesday Blitz"]
[Site "Chess.com"]
[Date "2020.10.20"]
[Round "6"]
[White "GMKrikor"]
[Black "Mikasinski"]
[Result "0-1"]
[WhiteElo "2792"]
[BlackElo "2571"]
[TimeControl "180+1"]
[EndTime "11:10:12 PDT"]
[Termination "Mikasinski won by resignation"]

1. e4 c5 2. Nf3 d6 3. d4 cxd4 4.
Nxd4 Nf6 5. Nc3 g6 6. Be3 Bg7 7. f3 O-O 8. Qd2 Nc6 9. Bc4 Bd7 10. O-O-O Rc8 11. Bb3 Ne5 12. Kb1 Nc4 13. Bxc4 Rxc4 14. g4 b5 15. b3 b4 16. bxc4 bxc3 17. Qxc3 Qc7 18. h4 h5 19. g5 Rb8+ 20. Ka1 Ne8 21.
Rb1 Rc8 22. Rhd1 d5 23. exd5 Nd6 24. c5 Nb5 25. Rxb5 Bxb5 26. c6 Be2 27. Rd2 Bxf3 28. Qc5 Qe5 29. Bf2 Bxd5 30. c4 Bxc6 31. Qxe5 Bxe5 32. Kb2 Bb7 33. Kb3 Rd8 34. Be3 Be4 35.
Nb5 Rxd2 36. Bxd2 a6 37. Nc3 Bc6 38. Be1 f6 39. gxf6 exf6 40. Nd5 Bxd5 41. cxd5 g5 42. Kc4 g4 43. Kc5 g3 44. d6 Kf7 45. Kc6 g2 46. d7 g1=Q 47. d8=Q Qxe1 48. Qd7+ Kg6 49. Qe8+ Kf5 50.
Qxh5+ Ke4 51. Qg6+ Kf3 52. Qf5+ Ke2 53. h5 Qc3+ 54. Kd5 Qd4+ 55. Ke6 Qd6+ 56. Kf7 Qc7+ 57. Kg6 Qd8 58. h6 Qg8+ 59. Kh5 Qg5+ 60. Qxg5 fxg5 61. Kxg5 Kd3 62. Kf5 Ba1 63. a4 Kc4 64. Ke4 Kb4 65. Kd3 Kxa4 66. Kc2 Bh8 67. Kb1 Kb4 68. Ka2 Ka4 69.
Kb1 Kb3 70. h7 a5 0-1

[Event "*** Titled Tuesday Blitz"]
[Site "Chess.com"]
[Date "2020.10.20"]
[Round "6"]
[White "AsaHoffmann"]
[Black "SergeyShtyka"]
[Result "0-1"]
[WhiteElo "2380"]
[BlackElo "2275"]
[TimeControl "180+1"]
[EndTime "11:10:12 PDT"]
[Termination "SergeyShtyka won by checkmate"]

1. d4 c5 2. dxc5 e5 3. Nc3 Bxc5 4. Ne4 Be7 5. Nd6+ Bxd6 6. Qxd6 Qe7 7. Qxe7+ Nxe7 8. c4 d5 9. e3 Nbc6 10. Bd2 Bf5 11.
a3 O-O-O 12. cxd5 Nxd5 13. Bc4 Bg6 14. Ne2 Rd7 15. Rc1 Rhd8 16. Bb5 Ne7 17. Bc3 a6 18. Bc4 Kb8 19. O-O Bd3 20. Bxd3 Rxd3 21. Ng3 f5 22. Rfe1 g6 23. Kf1 Nd5 24. Ke2 Nxc3+ 25. bxc3 Rd2+ 26. Kf1 Ra2 27. Ra1 Rdd2 28. Rxa2 Rxa2 29. Rd1 Kc7 30. h4 Rxa3 31. Rc1 b5 32. h5 a5 33. hxg6 hxg6 34. Ne2 Rb3 35. Ke1 Rb2 36.
Ra1 Kb6 37. Nc1 Rc2 38. Ne2 a4 39. Kd1 Rb2 40. Nc1 Rxf2 41. Ra3 Rxg2 42. Nd3 e4 43. Nf4 Rg1+ 44. Kc2 Kc5 45. Ne6+ Kd6 46. Nd4 Nxd4+ 47.
cxd4 Kd5 48. Rc3 Rg2+ 49. Kb1 b4 50. Rc5+ Kd6 51. Ra5 a3 52. Rb5 Rb2+ 53. Ka1 Ke6 54. d5+ Ke5 55. d6+ Kxd6 56. Rd5+ Ke6 57. Re5+ Kf7 58. Rxf5+ Kg7 59. Rf7+ Kh6 60. Rh7+ Kg5 61. Rh5+ Kg4 62. Rg5+ Kf3 63. Rg3+ Ke2 64. Rg2+ Kd3 65. Rxg6 Re2 66. Rb6 Re1+ 67. Ka2 Re2+ 68. Ka1 Kc3 69. Rc6+ Kb3 70. Rc1 Rxe3 71. Rb1+ Ka4 72. Rc1 Re2 73. Rd1 e3 74. Rc1 Rd2 75. Rb1 e2 76. Rc1 Rd1 77. Ka2 b3+ 78. Kb1 Rxc1+ 79. Kxc1 e1=Q# 0-1

[Event "*** Titled Tuesday Blitz"]
[Site "Chess.com"]
[Date "2020.10.20"]
[Round "6"]
[White "abhidabhi"]
[Black "elcandado"]
[Result "1/2-1/2"]
[WhiteElo "2805"]
[BlackElo "2591"]
[TimeControl "180+1"]
[EndTime "11:10:14 PDT"]
[Termination "Game drawn by repetition"]

1. c4 e6 2. Nf3 Nf6 3. e3 b6 4. b3 Bb7 5. Bb2 c5 6. Nc3 Be7 7.
Be2 O-O 8. O-O a6 9. d4 cxd4 10. Nxd4 Nc6 11. Qd2 Qc7 12. Rac1 Rfd8 13. Rfd1 Rac8 14. Qe1 Qb8 15. h3 Qa8 16. Nxc6 Bxc6 17. Bf1 d5 18. cxd5 Nxd5 19. Nxd5 Bxd5 20. Qe2 b5 21.
Qg4 Bf8 22. Bd3 Rxc1 23. Rxc1 Rc8 24. Rd1 Qb7 25. h4 f5 26. Qg3 Qf7 27. Be5 Qg6 28.
Qxg6 hxg6 29. Kf1 Be7 30. g3 Bf6 31. Bxf6 gxf6 32. Ke2 Kf7 33. Kd2 Rd8 34. Ke2 e5 35. Rc1 Ke6 36. Rc7 Rd7 37. Rc8 g5 38. hxg5 e4 39.
Bb1 fxg5 40. Rg8 g4 41. Rg6+ Ke5 42. Rxa6 Rc7 43. Ra5 Rc1 44. Rxb5 Rxb1 45. Ra5 Rb2+ 46. Ke1 Kd6 47. Ra6+ Kc5 48. Ra5+ Kc6 49. Ra6+ Kb5 50. Rf6 Rxa2 51. Rxf5 Kc6 52. Rg5 Bxb3 53. Rxg4 Bc2 54.
Rg5 Bd3 55. Rg6+ Kd7 56. Rf6 Ke7 57. Rf4 Ke6 58. f3 Re2+ 59. Kd1 Rxe3 60. fxe4 Bxe4 61. Kd2 Rd3+ 62. Ke2 Ke5 63. Rf2 Rxg3 64. Kd2 Kd4 65. Ke2 Ra3 66. Kd2 Ra2+ 67. Ke1 Ra1+ 68. Kd2 Ra2+ 69.
Ke1 Ra3 70. Kd2 Bd3 71. Rf4+ Be4 72. Rf2 1/2-1/2

[Event "*** Titled Tuesday Blitz"]
[Site "Chess.com"]
[Date "2020.10.20"]
[Round "6"]
[White "Unknown_IM"]
[Black "Sadykov_Ramil"]
[Result "0-1"]
[WhiteElo "2372"]
[BlackElo "2550"]
[TimeControl "180+1"]
[EndTime "11:10:16 PDT"]
[Termination "Sadykov_Ramil won by checkmate"]

1. e4 e5 2. Nf3 Nf6 3. Nc3 Bb4 4. Be2 d6 5. d3 h6 6. O-O O-O 7. a3 Bxc3 8. bxc3 Nc6 9. h3 d5 10. exd5 Nxd5 11. Bd2 Re8 12. Re1 Bf5 13. Bf1 e4 14. Nh2 Qf6 15. d4 Qg6 16. Kh1 e3 17. fxe3 Bxc2 18. Qg4 Nf6 19. Qxg6 Bxg6 20. Nf3 Ne4 21. Bb5 f6 22. Ra2 a6 23. Bc4+ Bf7 24.
Bxf7+ Kxf7 25. Rb2 Na5 26. Ra2 b5 27. Bc1 Nc4 28. Nd2 Ncxd2 29. Bxd2 f5 30. Rc2 Nd6 31. Bc1 a5 32. a4 bxa4 33. c4 Reb8 34. c5 Ne4 35.
Ra2 Rb4 36. Ba3 Rb3 37. Bb2 Rab8 38. Ba1 a3 39. Rg1 Ke6 40. Kh2 Rxe3 41. Rd1 Kd5 42.
Rc2 Rbb3 43. c6 Rbd3 44. Rf1 Rd2 45. Rxf5+ Ke6 46. Re5+ Kd6 47. Rxd2 Nxd2 48. Rxe3 Nf1+ 49. Kg1 Nxe3 50. Kf2 Nc2 51. Bc3 a2 52. d5 a1=Q 53.
Bxa1 Nxa1 54. Ke3 Kxd5 55. Kf4 Ke6 56. Ke4 Nb3 57. Kd3 Nc5+ 58. Kc4 Kd6 59. Kb5 a4 60. Kb4 Kxc6 61. g4 Kd5 62. h4 Ne4 63. g5 hxg5 64. hxg5 Nxg5 65. Kxa4 c5 66. Kb3 Kd4 67. Kc2 c4 68.
Kd2 c3+ 69. Kc2 Nf3 70. Kd1 Kd3 71. Kc1 Nd4 72. Kd1 c2+ 73. Kc1 Ne2+ 74. Kb2 c1=Q+ 75. Ka2 Qc7 76. Kb3 g5 77. Ka2 g4 78. Kb3 g3 79. Ka2 g2 80. Kb3 g1=Q 81. Ka4 Qgb6 82. Ka3 Qca7# 0-1